 Dungeon Crawl Stone Soup version 0.25-a0-109-ge9c0e85935 (webtiles) character file.

Game seed: 2444040870506967653, levelgen mode: deterministic

1863403 bmfx the Executioner (level 27, 265/269 HPs)
             Began as a Minotaur Fighter on Nov 18, 2019.
             Was the Champion of Makhleb.
             Escaped with the Orb
             ... and 3 runes!
             The game lasted 02:19:30 (62258 turns).

bmfx the Executioner (Minotaur Fighter)            Turns: 62258, Time: 02:19:30

Health: 265/269    AC: 54    Str: 42    XL:     27
Magic:  35/35      EV: 27    Int:  7    God:    Makhleb [******]
Gold:   3867       SH:  0    Dex: 19    Spells: 26/26 levels left

rFire    + + .     SeeInvis .   a - +9 executioner's axe (elec)
rCold    + + .     Gourm    .   (shield currently unavailable)
rNeg     + + .     Faith    .   o - +9 crystal plate armour of Anaesthesia {rElec rN+ Regen+ Int-3}
rPois    +         Spirit   .   (helmet unavailable)
rElec    +         Reflect  .   l - +2 cloak {rF+}
rCorr    .         Harm     .   q - +2 pair of gloves {Str+3}
MR       +++++     Clarity  +   G - +2 pair of boots {Fly}
Stlth    ..........             m - amulet of the Four Winds {rN+ MR+++ Clar}
HPRegen  0.94/turn              W - ring "Lecvab" {rF+ rC+ Str+9 Int+5 Slay-2}
MPRegen  0.24/turn              I - ring "Raskiyge" {rPois rC+ EV+2}

@: mighty, mildly poisoned (265 -> 264), flying, hasted, very quick
A: retaliatory headbutt, horns 3, icy blue scales 1, wild magic 1
0: Orb of Zot
}: 3/15 runes: decaying, silver, gossamer
a: Minor Destruction, Lesser Servant of Makhleb, Major Destruction, Greater
Servant of Makhleb, Renounce Religion, Stop Flying


You escaped.
You worshipped Makhleb.
Makhleb was exalted by your worship.
You were not hungry.

You visited 10 branches of the dungeon, and saw 50 of its levels.
You also visited: Trove, Ossuary, Ice Cave, Volcano and Wizlab.

You collected 8273 gold pieces.
You spent 4406 gold pieces at shops.


Innate Abilities, Weirdness & Mutations

You reflexively headbutt those who attack you in melee.
You have a pair of large horns on your head.
You are partially covered in icy blue scales. (AC +2)
Your spells are a little harder to cast, but a little more powerful.

Dungeon Overview and Level Annotations

Branches:
Dungeon (15/15)            Temple (1/1) D:4            Lair (6/6) D:9
  Swamp (4/4) Lair:2       Spider (4/4) Lair:3        Slime (0/5) Lair:5
    Orc (2/2) D:9             Elf (3/3) Orc:2        Vaults (5/5) D:14
  Crypt (0/3) Vaults:2     Depths (5/5) D:15            Zot (5/5) Depths:5
Ossuary (visited)           IceCv (visited)         Volcano (visited)
 WizLab (visited)

Altars:
Dithmenos
Gozag
Makhleb
Nemelex Xobeh
Ru
Trog
Wu Jian
Xom
Yredelemnul
Zin
Beogh
Jiyva

Shops:
D:9 (!:!!   D:11 *=   Orc:1 %   Orc:2 =(*[   Elf:2 =}=   Vaults:2 }
Depths:4 :%%[!

Portals:
Hell: Depths:1 Depths:2 Depths:3 Depths:4 Depths:5
Abyss: Depths:4
Pandemonium: Depths:3
Ziggurat: Depths:1

Annotations:
Swamp:1 Roxanne
Spider:4 2 transporters, dannycarnage's ghost, adept MiBe
Elf:1 1 runed translucent door, grouchysmurf's ghost, adept GrBe
Vaults:2 exclusion: obsidian statue
Depths:1 exclusion: orange crystal statue
Zot:5 1 exclusion


   Skills:
 - Level 26.0 Fighting
 - Level 26.0 Axes
 - Level 14.0 Slings
 - Level 26.0 Armour
 - Level 23.0 Dodging
   Level 3.6 Shields
 + Level 18.6 Invocations
 - Level 8.0 Evocations


You had 26 spell levels left.
You didn't know any spells.
Your spell library contained the following spells:

 Spells                   Type           Power        Failure   Level  Hunger
 Animate Skeleton         Necr           N/A          90%         1    ##.....
 Apportation              Tloc           #.....       90%         1    ##.....
 Beastly Appendage        Tmut           #.....       90%         1    ##.....
 Confusing Touch          Hex            #.....       90%         1    ##.....
 Flame Tongue             Conj/Fire      #....        90%         1    ##.....
 Freeze                   Ice            #...         90%         1    ##.....
 Infusion                 Chrm           #...         90%         1    ##.....
 Pain                     Necr           #...         90%         1    ##.....
 Shock                    Conj/Air       #...         90%         1    ##.....
 Sting                    Conj/Pois      #...         90%         1    ##.....
 Summon Butterflies       Summ           #.......     90%         1    ##.....
 Summon Small Mammal      Summ           #...         90%         1    ##.....
 Blink                    Tloc           N/A          96%         2    ###....
 Call Imp                 Summ           #.......     96%         2    ###....
 Passwall                 Tmut/Erth      #.......     96%         2    ###....
 Shroud of Golubria       Chrm/Tloc      #.....       96%         2    ###....
 Song of Slaying          Chrm           #.......     96%         2    ###....
 Sticks to Snakes         Tmut           #.......     96%         2    ###....
 Swiftness                Chrm/Air       #.......     96%         2    ###....
 Throw Frost              Conj/Ice       #.....       96%         2    ###....
 Call Canine Familiar     Summ           #.......     99%         3    ####...
 Gell's Gravitas          Tloc           #.........   99%         3    ####...
 Ignite Poison            Fire/Tmut/Pois #.......     99%         3    ####...
 Lesser Beckoning         Tloc           #.........   99%         3    ####...
 Mephitic Cloud           Conj/Pois/Air  #.......     99%         3    ####...
 Ozocubu's Armour         Chrm/Ice       #.......     99%         3    ####...
 Regeneration             Chrm/Necr      #.........   99%         3    ####...
 Spectral Weapon          Hex/Chrm       #.......     99%         3    ####...
 Spider Form              Tmut/Pois      #.........   99%         3    ####...
 Static Discharge         Conj/Air       #.......     99%         3    ####...
 Stone Arrow              Conj/Erth      #.....       99%         3    ####...
 Summon Guardian Golem    Hex/Summ       #.......     99%         3    ####...
 Teleport Other           Tloc           #.......     99%         3    ####...
 Vampiric Draining        Necr           #.........   99%         3    ####...
 Airstrike                Air            #.........   100%        4    #####..
 Animate Dead             Necr           N/A          100%        4    #####..
 Cause Fear               Hex            #.........   100%        4    #####..
 Fulminant Prism          Conj/Hex       #.........   100%        4    #####..
 Ice Form                 Ice/Tmut       #.......     100%        4    #####..
 Leda's Liquefaction      Hex/Erth       #.........   100%        4    #####..
 Petrify                  Tmut/Erth      #.......     100%        4    #####..
 Sticky Flame             Conj/Fire      #.......     100%        4    #####..
 Summon Ice Beast         Ice/Summ       #.......     100%        4    #####..
 Throw Icicle             Conj/Ice       #.......     100%        4    #####..
 Alistair's Intoxication  Tmut/Pois      #.......     100%        5    ######.
 Aura of Abjuration       Summ           #.........   100%        5    ######.
 Bolt of Magma            Conj/Fire/Erth #.........   100%        5    ######.
 Excruciating Wounds      Chrm/Necr      #.........   100%        5    ######.
 Fireball                 Conj/Fire      #.........   100%        5    ######.
 Irradiate                Conj/Tmut      #.........   100%        5    ######.
 Iskenderun's Battlesphe  Conj/Chrm      #.......     100%        5    ######.
 Lee's Rapid Deconstruct  Erth           #.........   100%        5    ######.
 Lightning Bolt           Conj/Air       #.........   100%        5    ######.
 Metabolic Englaciation   Hex/Ice        #.........   100%        5    ######.
 Silence                  Hex/Air        #.........   100%        5    ######.
 Summon Mana Viper        Hex/Summ       #.......     100%        5    ######.
 Venom Bolt               Conj/Pois      #.........   100%        5    ######.
 Yara's Violent Unravell  Hex/Tmut       #.........   100%        5    ######.
 Bolt of Cold             Conj/Ice       #.........   100%        6    #######
 Bolt of Fire             Conj/Fire      #.........   100%        6    #######
 Conjure Ball Lightning   Conj/Air       #.........   100%        6    #######
 Deflect Missiles         Chrm/Air       #.........   100%        6    #######
 Freezing Cloud           Conj/Ice/Air   #.........   100%        6    #######
 Hydra Form               Tmut           #.........   100%        6    #######
 Iron Shot                Conj/Erth      #.........   100%        6    #######
 Ozocubu's Refrigeration  Ice            #.........   100%        6    #######
 Shadow Creatures         Summ           N/A          100%        6    #######
 Simulacrum               Ice/Necr       #.........   100%        6    #######
 Statue Form              Tmut/Erth      #........    100%        6    #######
 Dragon Form              Tmut           #.........   100%        7    #######
 Haunt                    Necr/Summ      #.........   100%        7    #######
 Malign Gateway           Summ/Tloc      #.........   100%        7    #######
 Orb of Destruction       Conj           #.........   100%        7    #######
 Ring of Flames           Chrm/Fire      #.........   100%        7    #######
 Spellforged Servitor     Conj/Summ      #.........   100%        7    #######
 Summon Hydra             Summ           #.........   100%        7    #######
 Borgnjor's Revivificati  Necr           #.........   100%        8    #######
 Death's Door             Chrm/Necr      #.........   100%        8    #######
 Discord                  Hex            #.........   100%        8    #######
 Disjunction              Tloc           #.........   100%        8    #######
 Ignition                 Fire           #.........   100%        8    #######
 Infestation              Necr           #.........   100%        8    #######
 Necromutation            Tmut/Necr      #.........   100%        8    #######
 Dragon's Call            Summ           #.........   100%        9    #######
 Shatter                  Erth           #.........   100%        9    #######
 Passage of Golubria      Tloc           Unusable     N/A         4    N/A

Action                   |  1- 3 |  4- 6 |  7- 9 | 10-12 | 13-15 | 16-18 | 19-21 | 22-24 | 25-27 || total
-------------------------+-------+-------+-------+-------+-------+-------+-------+-------+-------++-------
Melee: War axe           |    94 |   152 |   263 |       |       |       |       |       |       ||   509
       Headbutt          |    10 |    30 |    60 |   162 |   203 |   435 |   270 |   427 |   473 ||  2070
       Hand axe          |       |       |    58 |   679 |    12 |       |       |       |       ||   749
       Battleaxe         |       |       |       |       |   734 |   915 |       |       |       ||  1649
       Executioner's axe |       |       |       |       |       |   481 |   823 |  1191 |  1428 ||  3923
       Unarmed           |       |       |       |       |       |       |       |       |     1 ||     1
 Fire: Fustibalus        |       |       |       |       |     3 |   218 |    17 |       |       ||   238
Throw: Dart              |     3 |     4 |     8 |    22 |     5 |       |       |       |       ||    42
       Stone             |       |     3 |     5 |    13 |       |       |       |       |       ||    21
Invok: Lesser Servant of |       |       |       |    11 |     4 |     6 |     5 |       |       ||    26
       Major Destruction |       |       |       |       |       |     8 |       |       |       ||     8
       Greater Servant o |       |       |       |       |       |       |     3 |     2 |     4 ||     9
 Abil: Evoke Flight      |       |       |       |       |     1 |       |       |       |       ||     1
Evoke: Wand              |       |       |       |     8 |     2 |    13 |     3 |     1 |     8 ||    35
       Lightning rod     |       |       |       |     5 |     6 |    12 |     1 |     4 |     4 ||    32
       Lamp of fire      |       |       |       |       |       |     1 |       |       |     2 ||     3
  Use: Scroll            |       |     3 |       |    10 |    13 |    21 |     5 |    15 |    18 ||    85
       Potion            |       |     1 |     2 |     2 |     6 |     4 |     3 |     2 |    13 ||    33
 Stab: Invisible         |       |       |       |    19 |    18 |    12 |     3 |       |       ||    52
       Distracted        |       |       |       |     3 |     4 |       |       |     4 |     1 ||    12
       Petrifying        |       |       |       |       |     1 |       |       |       |       ||     1
       Petrified         |       |       |       |       |     1 |       |       |       |       ||     1
       Paralysed         |       |       |       |       |     2 |     2 |       |     1 |     4 ||     9
       Confused          |       |       |       |       |       |     2 |       |       |       ||     2
  Eat: Chunk             |     1 |     5 |     7 |    19 |    12 |    24 |    20 |    19 |    10 ||   117
       Ration            |       |     1 |       |     2 |     8 |     7 |     1 |     2 |     8 ||    29
Armor: Scale mail        |    44 |    83 |    51 |       |       |       |       |       |       ||   178
       Plate armour      |       |       |     4 |       |       |  1023 |   326 |   323 |    91 ||  1767
       Chain mail        |       |       |   175 |   323 |   521 |   132 |       |       |       ||  1151
       Crystal plate arm |       |       |       |       |       |       |       |       |   710 ||   710
Dodge: Dodged            |    32 |    47 |    86 |   112 |   630 |  1376 |   600 |  1238 |  1520 ||  5641
Block: Shield            |    56 |    70 |   187 |   234 |     1 |       |       |       |       ||   548

Skill      XL: |  1  2  3  4  5  6  7  8  9 10 11 12 13 14 15 16 17 18 19 20 21 22 23 24 25 26 27 |
---------------+----------------------------------------------------------------------------------+-----
Fighting       | 4 5 6 7 8 10 11 15 18 21 26 | 26.0
Axes           | 3 4 5 6 8 10 12 14 17 18 22 24 25 26 | 26.0
Armour         | 4 7 8 9 11 12 16 18 20 21 22 26 | 26.0
Invocations    | 5 8 10 15 18 | 18.6
Evocations     | 1 6 8 |  8.0
Dodging        | 5 9 12 15 18 21 23 | 23.0
Slings         | 8 10 14 | 14.0
Shields        | |  3.6

Inventory:

Hand Weapons
 a - a +9 executioner's axe of electrocution (weapon)
 w - a +5 fustibalus of velocity
Missiles
 d - 7 throwing nets (quivered) {!f}
 z - 335 sling bullets
 T - 17 curare-tipped darts
Armour
 l - a +2 cloak of fire resistance (worn)
 o - the +9 crystal plate armour of Anaesthesia (worn) {rElec rN+ Regen+ Int-3}
   (You found it in a treasure trove)

   It affects your intelligence (-3).
   It insulates you from electricity.
   It protects you from negative energy.
   It increases your rate of regeneration.
 p - a +2 hat of magic resistance
 q - a +2 pair of gloves of strength (worn)
 G - a +2 pair of boots of flying (worn)
Jewellery
 m - the amulet of the Four Winds (around neck) {rN+ MR+++ Clar}
   (You found it on level 2 of the Realm of Zot)

   [amulet of nothing]

   It protects you from negative energy.
   It affects your resistance to hostile enchantments.
   It protects you against confusion.
 n - an uncursed ring of resist corrosion
 u - the ring "Gerum" {rPois rF+ Dex+5}
   (You found it on level 5 of the Vaults)

   [ring of poison resistance]

   It affects your dexterity (+5).
   It protects you from fire.
   It protects you from poison.
 x - an uncursed ring of positive energy
 C - a +6 ring of evasion
 I - the ring "Raskiyge" (right hand) {rPois rC+ EV+2}
   (You found it on level 1 of the Realm of Zot)

   [ring of evasion]

   It affects your evasion (+2).
   It protects you from cold.
   It protects you from poison.
 O - an uncursed ring of see invisible
 W - the ring "Lecvab" (left hand) {rF+ rC+ Str+9 Int+5 Slay-2}
   (You found it on level 5 of the Vaults)

   [ring of protection from cold]

   It affects your strength (+9).
   It affects your intelligence (+5).
   It affects your accuracy and damage with ranged weapons and melee attacks
   (-2).
   It protects you from fire.
   It protects you from cold.
Wands
 r - a wand of disintegration (59)
 t - a wand of clouds (7)
 B - a wand of acid (29)
 F - a wand of iceblast (40)
 H - a wand of digging (30)
 K - a wand of polymorph (8)
 S - a wand of paralysis (41)
Scrolls
 b - 5 scrolls of summoning
 e - 25 scrolls of teleportation {@r1}
 h - 10 scrolls of blinking {@r2}
 s - 22 scrolls of remove curse {@r4}
 y - 9 scrolls of magic mapping
 A - 9 scrolls of fear
 D - 9 scrolls of fog
 R - 3 scrolls of silence
 U - 7 scrolls of identify {@r3}
 X - 5 scrolls of holy word
Potions
 g - 4 potions of haste {@q4}
 i - 14 potions of heal wounds {@q1}
 j - 18 potions of curing {@q2}
 v - 5 potions of berserk rage
 E - 2 potions of cancellation
 L - 5 potions of agility
 M - 5 potions of resistance
 P - 2 potions of might
Miscellaneous
 c - a lamp of fire
 k - a phial of floods
 J - a lightning rod (4/4)
 N - a fan of gales
 Y - 2 boxes of beasts
Comestibles
 f - 97 rations

..................÷..............
..#...................)..........
.........................)#######
.............###..........#
........##...# #..........##
....######.#.###...........#
....# #.#..##.........#.# ....#
#.##.##########.#.# ##..#
#.##.##@.2.≈≈≈#.#.# .#..#
#.##.#####.≈≈P###.# .#..#
#.##..#≈≈≈.≈≈.# #.# .#.#####
#.#####.≈2..≈≈###.###### .......#
#.2# #≈≈≈).≈P##........ .......#
##.# #.P.≈≈.P##........ .......#
#.# #..≈≈≈≈P##........ ....[..#
#.####'#######......... ......>#
#.##°......# ##........


You could see a green death.

Vanquished Creatures
  3 orbs of fire (Zot:5)
  A pandemonium lord (D:1)
  5 ancient liches
  A juggernaut (Depths:2)
  Frederick (Vaults:3)
  6 Killer Klowns (Zot:5)
  6 caustic shrikes
  A curse toe (Zot:2)
  7 golden dragons
  A Hellbinder (WizLab)
  2 electric golems (Zot:5)
  2 Tzitzimimeh
  18 tentacled monstrosities
  26 Orb Guardians
  An Ice Fiend (IceCv)
  3 liches
  5 titans
  2 deep elf blademasters (Elf:3)
  2 deep elf master archers (Elf:3)
  10 quicksilver dragons
  5 sphinxes
  10 death cobs
  Kirke (Swamp:3)
  A thorn hunter (Swamp:3)
  10 tengu reavers
  Donald (Swamp:3)
  18 storm dragons
  4 draconian monks
  10 shadow dragons
  3 daevas (Depths:3)
  A blood saint (Zot:1)
  10 fire giants
  10 frost giants
  4 deep elf sorcerers
  4 draconian knights
  20 vault wardens
  5 ghost moths
  Aizul (Vaults:4)
  3 emperor scorpions (Spider:4)
  A corrupter (Zot:1)
  5 deep elf elementalists (Elf:3)
  9 draconian shifters
  15 ironheart preservers
  A cacodemon (WizLab)
  7 draconian scorchers
  4 angels (Depths:3)
  A reaper (Depths:3)
  9 very ugly things
  5 spriggan defenders
  7 draconian annihilators
  3 draconian stormcallers
  9 entropy weavers
  4 war gargoyles (Vaults:5)
  20 green draconians
  19 red draconians
  Nessos (D:13)
  13 black draconians
  2 vampire knights
  34 stone giants
  A lorocyproca (WizLab)
  4 deep elf demonologists
  Azrael (Orc:2)
  7 purple draconians
  12 deep elf annihilators
  2 dire elephants
  10 white draconians
  7 yellow draconians
  3 spark wasps
  The ghost of Afaug the Harbinger of Death, a journeyman MiFi of Yredelemnul (Lair:4)
  2 death oozes (Swamp:4)
  4 green deaths
  6 deep elf death magi
  Josephine (D:14)
  14 fire dragons
  Snorg (D:14)
  A blizzard demon (Zot:4)
  20 ettins
  12 deep elf high priests
  6 great orbs of eyes
  8 rakshasas
  5 hell beasts
  18 hydras
  A ghost crab (Swamp:4)
  15 yaktaur captains
  A juggernaut simulacrum (Depths:3)
  32 vault guards
  16 ice dragons
  A shambling mangrove (Swamp:1)
  A merfolk avatar (Lair:6)
  3 spriggan air magi
  13 ogre magi
  A two-headed ogre (shapeshifter) (Vaults:1)
  A catoblepas (Lair:4)
  11 centaur warriors
  7 alligators
  52 two-headed ogres
  4 tengu warriors
  25 dancing weapons
  7 death yaks
  3 spriggan berserkers
  12 deep troll shamans
  A thrashing horror (Swamp:4)
  3 orc high priests
  3 vampire magi
  10 deep troll earth magi
  A titan zombie (Vaults:5)
  Sonja (Lair:2)
  24 deep elf knights
  5 soul eaters
  11 spriggans
  A hell knight (Depths:2)
  A sun demon (WizLab)
  9 iron trolls
  A sixfirhy (WizLab)
  8 skeletal warriors
  6 unseen horrors
  3 shadow wraiths
  2 spriggan druids
  A sea snake (Lair:6)
  47 deep trolls
  6 cherubim (Depths:3)
  A deep troll (shapeshifter) (D:15)
  A shadow demon (WizLab)
  9 swamp dragons
  2 wizards
  8 glowing orange brains
  A shadow dragon zombie (Vaults:5)
  19 ironbrand convokers
  A lindwurm (Lair:4)
  Pikel (D:8)
  6 harpies
  5 phantasmal warriors
  15 orc knights
  12 deep elf archers
  2 tengu skeletons
  4 necromancers
  25 wolf spiders
  20 orb spiders
  74 deep elf magi
  55 ugly things
  5 orc sorcerers
  An oklob plant (Lair:6)
  5 salamanders
  A cyclops (shapeshifter) (Vaults:5)
  A manticore (Lair:6)
  A shining eye (shapeshifter) (Depths:5)
  33 moths of wrath
  A sphinx skeleton (Depths:3)
  An ice statue (IceCv)
  17 elephants
  2 cyclopes (D:12)
  2 rust devils (WizLab)
  A torpor snail (Spider:2)
  2 black mambas
  19 vault sentinels
  2 gargoyles
  2 molten gargoyles (Lair:5)
  2 smoke demons
  6 rime drakes
  5 orange demons
  21 spiny frogs
  A hellion (Depths:4)
  3 centaur skeletons (D:10)
  A storm dragon simulacrum (Vaults:5)
  A yaktaur (shapeshifter) (Vaults:5)
  26 demonic crawlers
  7 komodo dragons
  2 kobold demonologists
  A redback zombie (D:15)
  A spark wasp simulacrum (Depths:3)
  2 efreet (Zot:2)
  70 yaktaurs
  6 anaconda simulacra (IceCv)
  4 hellwings
  9 ice devils
  5 tengu conjurers
  7 freezing wraiths
  2 red devils
  A queen bee (Lair:3)
  10 trolls
  Prince Ribbit (D:7)
  4 polar bears (Lair:6)
  26 hornets
  A hornet (shapeshifter) (Vaults:3)
  A tengu simulacrum (Depths:3)
  A wind drake (shapeshifter) (Vaults:2)
  22 jumping spiders
  2 wind drakes (Lair:6)
  A wolf spider simulacrum (IceCv)
  6 tyrant leeches
  13 bog bodies
  Grinder (D:6)
  55 slime creatures
  2 blink frogs (shapeshifter)
  2 hippogriffs (shapeshifter)
  2 meliai zombies
  13 hippogriffs
  4 flying skulls (D:10)
  11 blink frogs
  73 redbacks
  A redback (shapeshifter) (Depths:1)
  8 wraiths
  3 large abominations (Swamp:4)
  27 tarantellas
  3 air elementals
  Sigmund (D:3)
  A fire bat (shapeshifter) (Vaults:2)
  A ynoxinul (Depths:3)
  A vampire (D:14)
  14 water elementals
  Eustachio (D:3)
  2 humans (D:14)
  14 wyverns
  2 hogs (Swamp:3)
  2 basilisks
  7 shadows
  2 fire bats (Volcano)
  21 vampire mosquitoes
  6 hungry ghosts
  2 golden eyes (shapeshifter)
  A neqoxec (D:1)
  Grum (D:8)
  34 yaks
  6 wargs
  5 fire elementals
  3 steam dragons (Volcano)
  A yaktaur simulacrum (Vaults:1)
  4 chaos spawn
  2 death yak simulacra (IceCv)
  5 iron troll simulacra (IceCv)
  Edmund (D:4)
  7 insubstantial wisps (Swamp:3)
  A soldier ant (D:13)
  14 swamp worms
  17 water moccasins
  11 porcupines
  A floating eye (Depths:5)
  3 acid dragons
  A harpy simulacrum (IceCv)
  4 hell hounds
  3 hydra simulacra (IceCv)
  5 ice beasts
  36 orc warriors
  6 swamp drakes
  3 sky beasts
  2 eyes of draining
  A small abomination (Swamp:4)
  An ettin simulacrum (Vaults:1)
  A necrophage (D:11)
  33 ogres
  An alligator simulacrum (IceCv)
  4 wolves (D:8)
  11 boggarts
  4 phantoms
  21 crocodiles
  10 centaurs
  5 big kobolds
  12 bullfrogs
  An elf zombie (Ossuary)
  An earth elemental (Elf:2)
  2 wyvern zombies
  4 wyvern skeletons
  2 scorpions
  48 killer bees
  6 wights
  10 howler monkeys
  3 electric eels
  5 crimson imps
  2 human simulacra
  5 bullfrog zombies
  5 lava snakes (Lair:5)
  5 draconian simulacra (IceCv)
  4 centaur zombies
  24 orc priests
  10 hounds
  5 jellies
  4 human zombies
  33 orc wizards
  4 bullfrog skeletons
  2 iguanas
  11 worker ants
  A polar bear simulacrum (IceCv)
  A spriggan simulacrum (IceCv)
  3 troll simulacra (IceCv)
  A killer bee zombie (D:10)
  2 big kobold zombies (Ossuary)
  3 centaur simulacra (IceCv)
  A hound zombie (D:11)
  5 hound skeletons
  2 mummies (Ossuary)
  A worker ant zombie (D:10)
  Robin (D:3)
  14 gnolls
  A howler monkey skeleton (D:10)
  3 naga simulacra (IceCv)
  16 adders
  2 ogre simulacra (IceCv)
  A shadow imp (D:12)
  7 white imps (IceCv)
  6 ufetubi (IceCv)
  An ooze (D:6)
  2 worms (D:3)
  5 dart slugs
  7 leopard geckos
  81 orcs
  5 bats
  3 giant cockroaches
  A gnoll zombie (Ossuary)
  22 goblins
  9 hobgoblins
  16 jackals
  25 kobolds
  7 quokkas
  2 ball pythons
  5 frilled lizards
  A goblin zombie (Ossuary)
  6 hobgoblin zombies (Ossuary)
  A leopard gecko skeleton (D:6)
  A leopard gecko zombie (D:7)
  2 orc zombies (Ossuary)
  A quokka skeleton (D:10)
  A quokka zombie (D:6)
  9 rats
  A fungus (Lair:4)
  12 plants
2573 creatures vanquished.

Vanquished Creatures (collateral kills)
  Mennas (Vaults:3)
  Saint Roka (Orc:2)
  A Killer Klown (Zot:5)
  A ghost moth (Zot:5)
  A vault warden (Vaults:3)
  A fire dragon (Volcano)
  2 hydras (Lair:4)
  A dancing weapon (Elf:2)
  An ironbrand convoker (Vaults:3)
  An ugly thing (Vaults:3)
  An orc sorcerer (Orc:2)
  A salamander (Volcano)
  A troll (Orc:2)
  2 wyverns (Volcano)
  A steam dragon (Volcano)
  A porcupine (Lair:2)
  An orc warrior (Orc:2)
  A crocodile (Lair:4)
  A bullfrog (D:7)
  A killer bee (D:9)
  A human simulacrum (Vaults:3)
  3 orc priests
  3 gnolls (D:7)
  A plant (Volcano)
30 creatures vanquished.

Vanquished Creatures (others)
  An orb of fire (Zot:5)
  A draconian monk (Zot:5)
  A blood saint (WizLab)
  A spriggan (Swamp:3)
  A deep elf archer (Elf:2)
  2 deep elf magi
  A yaktaur (Depths:1)
  2 hornets (Swamp:3)
  A small abomination (Elf:2)
  A human (Swamp:3)
  A wyvern (Volcano)
  A slave (D:8)
  An ogre (Zot:2)
  A crimson imp (Depths:4)
  An adder (D:8)
  2 orcs (D:8)
  A jackal (D:8)
  3 kobolds (D:8)
  A bush (Elf:2)
  A crawling corpse (Elf:2)
  5 fungi
  21 plants
  7 toadstools (Lair:4)
58 creatures vanquished.

Grand Total: 2661 creatures vanquished

Levels and vault maps discovered:
D:1:      lightli_arrival_flooded_house, layout_rooms
D:2:      layout_basic
D:3:      layout_loops_ring, lemuel_round_altar, first_ration, uniq_sigmund
D:4:      layout_cave_pools, old_standard_altar, gammafunk_temple_overflow_wave,
          minmay_temple_entry_sparse_star, lightli_ossuary_entry_decrepit_ruins,
          kennysheep_diamond, uniq_edmund, uniq_robin, uniq_eustachio
D:5:      layout_cave_pools, nemelex_spade_bored_becter
D:6:      minmay_cornered_nines, layout_rooms, kennysheep_crisscross,
          uniq_grinder
D:7:      layout_loops_ring, uniq_prince_ribbit1
D:8:      layout_cave_pools, uniq_pikel, uniq_grum
D:9:      layout_small_grid, grunt_lair_entry_orc_guard_hut, orc_0_dummy,
          serial_shops, shop, shop, nicolae_shop_crystal, kennysheep_mini_moat,
          nicolae_shop_behind_doors
D:10:     hangedman_screamer, layout_irregular_city
D:11:     layout_irregular_city, trove_entry_hex_spiral, serial_shops, shop,
          basic_altar, nicolae_elemental_shop
D:12:     minmay_imperfect_grid, layout_long_grid
D:13:     layout_roguey, uniq_nessos
D:14:     layout_long_grid, grunt_vaults_entry_fortified,
          infiniplex_staircase_zigzag_5, uniq_josephine, uniq_snorg
D:15:     hangedman_depths_entry_try_elsewhere_first, layout_rooms,
          columned_hall_lemuel
Temple:   dpeg_five_rooms_temple
Lair:1:   layout_gridlike
Lair:2:   layout_hall_layers, nicolae_swamp_entry_splash_gauntlet,
          serial_bayou_shore_a, uniq_sonja
Lair:3:   layout_loops_ring, dummy_spider_entry, enter_volcano_1, special_room
          [special_room_bee], serial_bayou_shore_b, lemuel_fruit_tree,
          grunt_megastairs_2
Lair:4:   gammafunk_lair_enchanted_lake, layout_long_grid,
          hellmonk_ghost_happy_afterlife, beast_lair_carwin_2
Lair:5:   cheibrodos_magma_flow, layout_hall_layers, slime_altar_1
Lair:6:   gammafunk_lair_ancient_temple, layout_regular_city
Swamp:1:  layout_falls_marsh, nicolae_swamp_little_tower, swamp_pool1,
          infiniplex_staircase_pool, uniq_roxanne
Swamp:2:  layout_falls_marsh, evilmike_swamp_ruin_house_6
Swamp:3:  layout_basic_swamp, evilmike_swamp_ruin_house_2,
          nicolae_swamp_triple_paths, uniq_kirke, uniq_donald
Swamp:4:  swamp_vile, layout_basic_swamp, swamp_pool1
Spider:1: layout_chambers, nicolae_spider_circle_web
Spider:2: layout_spider_delve
Spider:3: layout_spider_delve
Spider:4: guppyfry_spider_rune, portal_ice_cave_entry_pillars_four,
          gammafunk_ghost_berserking_beasts, drop_trap
Orc:1:    layout_caves, serial_shops, shop
Orc:2:    grunt_orc_cross, layout_caves, nicolae_orc_rich_vein, uniq_saint_roka,
          uniq_azrael
Elf:1:    minmay_elf_arrival_circle, layout_geoelf_grid, ebering_ghost_xom,
          hangedman_elf_disciples
Elf:2:    layout_gridlike, minmay_misc_feat_five, minmay_misc_feat_pillars,
          minmay_shop_grove
Elf:3:    minmay_elf_hall_curves, layout_gridlike
Vaults:1: vaults_mumra_hexcomb, nicolae_vaults_ring_of_whatevers,
          nicolae_vaults_minivaults, hangedman_vaults_corner_blocks,
          vaults_room_grid, vaults_dpeg_ring, nicolae_vaults_sealed_display,
          grunt_vaults_hallway_long, vaults_dpeg_encased_lava,
          layout_vaults_big_room
Vaults:2: v_misc_19, v_misc_23, ontoclasm_vaults_eye, vaults_room_door_hall,
          minmay_crypt_entry_simple_sparse, nicolae_vaults_what_the_h,
          nicolae_vaults_statue_guard, vaults_mumra_lcd, v_rooms_3, v_pattern_2,
          hangedman_vaults_river_flow, vaults_room_semicircle,
          layout_vaults_omnibox, serial_shops, nicolae_shop_stone
Vaults:3: ontoclasm_vaults_pinch, nicolae_vaults_network_square,
          ontoclasm_vaults_ligature, vaults_mumra_minichess,
          vaults_mumra_minichess_inversion, nicolae_vaults_rhombus_5, st_cross,
          nicolae_vaults_network_quincunx
          [nicolae_vaults_network_quincunx_subvault,
          nicolae_vaults_network_quincunx_subvault,
          nicolae_vaults_network_quincunx_subvault,
          nicolae_vaults_network_quincunx_subvault,
          nicolae_vaults_network_quincunx_subvault], nicolae_vaults_asterisk,
          vaults_room_fours, ontoclasm_vaults_decontamination,
          layout_vaults_omnigrid, uniq_frederick, uniq_mennas
Vaults:4: hangedman_vaults_nails, dpeg_vaults_monster_box, st_eye, v_misc_11,
          ontoclasm_vaults_misaligned, nicolae_vaults_shelves_hall,
          vaults_room_pools, hangedman_vaults_maws, vaults_room_hallway,
          v_misc_12, grunt_vaults_hallway_short, nicolae_vaults_angled_halls,
          layout_vaults_omnicross, uniq_aizul
Vaults:5
Depths:1: layout_gridlike, enter_ziggurat_b, pf_vacation_house_of_asmodeus,
          hangedman_decor_slide_cut, minivault_16, grunt_decor_one_mirror,
          dk_noncrumbling_3, kennysheep_potato, serial_bayou_shore_b
Depths:2: minmay_the_grid_square_5x5_5x5 [minmay_the_grid_square_5x5_corner,
          minmay_the_grid_square_5x5_inset,
          minmay_the_grid_square_5x5_pentomino_r,
          minmay_the_grid_square_5x5_two, minmay_the_grid_square_5x5_lines,
          minmay_the_grid_square_5x5_sharp_hourglass,
          minmay_the_grid_square_5x5_prize_waves,
          minmay_the_grid_square_5x5_comb,
          minmay_the_grid_square_5x5_prize_itemx,
          minmay_the_grid_square_5x5_tri_point,
          minmay_the_grid_square_5x5_longway, minmay_the_grid_square_5x5_n,
          minmay_the_grid_square_5x5_prize_rear_guard,
          minmay_the_grid_square_5x5_minibox,
          minmay_the_grid_square_5x5_beaten_path,
          minmay_the_grid_square_5x5_plus,
          minmay_the_grid_square_5x5_prize_junk,
          minmay_the_grid_square_5x5_seven,
          minmay_the_grid_square_5x5_prize_snowflake,
          minmay_the_grid_square_5x5_fancy_junction,
          minmay_the_grid_square_5x5_spiral,
          minmay_the_grid_square_5x5_three_walls,
          minmay_the_grid_square_5x5_six_small,
          minmay_the_grid_square_5x5_inner_v, minmay_the_grid_square_5x5_v],
          layout_cave_shapes, lightli_enter_wizlab_magi_temple,
          minmay_misc_feat_encased, hell_entry
Depths:3: evilmike_silver_temple, layout_basic, rand_demon_pan_entry_9,
          hangedman_abyss_or_decor_stabs, serial_glass, glass_columns_b,
          glass_columns_a, pf_hell_entry_tar_spiral
Depths:4: minmay_mutant_horseshoe, layout_cave_pools, hellmouth_1, abyss_entry,
          serial_shops, nicolae_shop_trees, nicolae_shop_trees, shop_fountains,
          nicolae_shop_behind_doors, shop, hangedman_decor_points
Depths:5: grunt_zot_entry_alcove, layout_small_grid, minivault_11, hell_entry
Zot:1:    layout_misc_corridors
Zot:2:    lemuel_halls_of_wrath, layout_misc_corridors, grunt_ministairs_12,
          hangedman_snake_sidewinding
Zot:3:    kennysheep_ambush_hall, layout_onion_interference
Zot:4:    layout_basic
Zot:5:    layout_gridville


Message History

You completely miss Qynnaeg Rohi.
Qynnaeg Rohi is severely wounded.
You completely miss Qynnaeg Rohi. Your headbutt misses Qynnaeg Rohi.
Qynnaeg Rohi is severely wounded.
Qynnaeg Rohi hits you!
You writhe in agony.
You open Qynnaeg Rohi like a pillowcase!!!!
You kill Qynnaeg Rohi!
Makhleb accepts your kill.
You feel better. The green death gestures at you.
The bolt of poison hits you but does no damage.
You are poisoned.
You resist.
You feel sick.
You feel sick.
You feel sick.
You feel sick.
There is a staircase leading out of the dungeon here.
You feel sick.
You have escaped!

Notes
Turn   | Place    | Note
-------+----------+-------------------------------------------
     0 | D:1      | bmfx the Minotaur Fighter began the quest for the Orb.
     0 | D:1      | Reached XP level 1. HP: 19/19 MP: 0/0
   257 | D:1      | Reached XP level 2. HP: 24/27 MP: 1/1
   573 | D:1      | Reached XP level 3. HP: 32/34 MP: 2/2
  1256 | D:2      | Reached XP level 4. HP: 41/41 MP: 3/3
  1270 | D:2      | Reached skill level 5 in Fighting
  1687 | D:3      | Noticed Sigmund
  1736 | D:3      | Noticed a phantom
  1772 | D:3      | Killed a phantom
  1772 | D:3      | Reached skill level 5 in Axes
  1772 | D:3      | Reached XP level 5. HP: 49/50 MP: 4/4
  1921 | D:3      | Found a basalt altar of Yredelemnul.
  2293 | D:3      | Reached XP level 6. HP: 45/57 MP: 5/5
  2820 | D:4      | Noticed Eustachio
  2821 | D:4      | Noticed Robin
  2826 | D:3      | Killed Robin
  2839 | D:4      | Found a sand-covered staircase.
  2858 | D:4      | Found a staircase to the Ecumenical Temple.
  2867 | Temple   | Entered the Ecumenical Temple
  2903 | Temple   | Became a worshipper of Makhleb the Destroyer
  2961 | Ossuary  | Entered an ossuary
  3143 | Ossuary  | Reached XP level 7. HP: 62/66 MP: 6/6
  3209 | Ossuary  | Reached * piety under Makhleb
  3390 | D:3      | Killed Eustachio
  3669 | D:4      | Noticed Edmund
  3681 | D:4      | Killed Edmund
  3681 | D:4      | Reached XP level 8. HP: 67/74 MP: 7/7
  3873 | D:4      | Found a bloodstained altar of Trog.
  3958 | D:4      | Found an opulent altar of Gozag.
  3958 | D:4      | Found a sacrificial altar of Ru.
  4359 | D:3      | Killed Sigmund
  4359 | D:3      | Reached skill level 5 in Armour
  4524 | D:5      | Entered Level 5 of the Dungeon
  4841 | D:5      | Reached ** piety under Makhleb
  4846 | D:5      | Reached skill level 10 in Axes
  5109 | D:5      | Found a sparkling altar of Nemelex Xobeh.
  5275 | D:6      | Reached XP level 9. HP: 80/81 MP: 8/8
  5492 | D:6      | You fall into a shaft and drop 2 floors!
  5520 | D:8      | Noticed Grum
  5531 | D:8      | Noticed Pikel
  5536 | D:8      | Killed Grum
  5558 | D:8      | Killed Pikel
  5560 | D:8      | Reached *** piety under Makhleb
  5659 | D:8      | Reached skill level 5 in Invocations
  5835 | D:7      | Reached XP level 10. HP: 88/88 MP: 13/13
  6015 | D:6      | Reached **** piety under Makhleb
  6094 | D:6      | Noticed Grinder
  6109 | D:6      | Paralysed by Grinder for 6 turns
  6124 | D:6      | Paralysed by Grinder for 6 turns
  6134 | D:6      | Paralysed by Grinder for 3 turns
  6141 | D:6      | Killed Grinder
  6587 | D:7      | Noticed Prince Ribbit
  7194 | D:7      | Killed Prince Ribbit
  8014 | D:9      | Noticed a two-headed ogre
  8043 | D:9      | Killed a two-headed ogre
  8043 | D:9      | Reached skill level 10 in Fighting
  8146 | D:9      | Found Erogyhak's Distillery.
  8158 | D:9      | Bought a potion of heal wounds for 70 gold pieces
  8158 | D:9      | Bought a potion of heal wounds for 70 gold pieces
  8158 | D:9      | Bought a potion of might for 56 gold pieces
  8158 | D:9      | Bought a potion of agility for 56 gold pieces
  8208 | D:9      | Found Deghauc's Book Shop.
  8252 | D:9      | Found Zonoz's Distillery.
  8255 | D:9      | Bought a potion of heal wounds for 60 gold pieces
  8255 | D:9      | Bought 2 potions of heal wounds for 120 gold pieces
  8255 | D:9      | Bought a potion of resistance for 120 gold pieces
  8461 | D:9      | Found Miesur's Distillery.
  8496 | D:9      | Found a staircase to the Orcish Mines.
  8512 | D:9      | Found Yrphy's Antique Weapon Boutique.
  8622 | D:9      | Found a staircase to the Lair.
  8741 | D:10     | Entered Level 10 of the Dungeon
  8769 | D:10     | Reached skill level 1 in Evocations
  8769 | D:10     | Reached XP level 11. HP: 100/100 MP: 16/16
  9032 | D:10     | Reached skill level 10 in Armour
  9039 | D:10     | Noticed a skeletal warrior
  9201 | Lair:1   | Entered Level 1 of the Lair of Beasts
  9288 | Lair:1   | Reached ***** piety under Makhleb
 10371 | Lair:2   | Noticed Sonja
 10373 | Lair:2   | Killed Sonja
 10734 | Lair:2   | Reached skill level 5 in Evocations
 11385 | Lair:2   | Found a staircase to the Swamp.
 11672 | Lair:2   | You fall into a shaft and drop 2 floors!
 11788 | Lair:4   | Noticed an eight-headed hydra
 11796 | Lair:4   | Killed an eight-headed hydra
 11802 | Lair:4   | Noticed an eight-headed hydra
 11810 | Lair:4   | Killed an eight-headed hydra
 11896 | Lair:4   | Reached XP level 12. HP: 103/106 MP: 17/17
 12003 | Lair:3   | Noticed a death yak
 12003 | Lair:3   | Noticed a death yak
 12003 | Lair:3   | Noticed a death yak
 12003 | Lair:3   | Noticed a death yak
 12003 | Lair:3   | Noticed a death yak
 12003 | Lair:3   | Noticed a death yak
 12023 | Lair:3   | Killed a death yak
 12039 | Lair:3   | Killed a death yak
 12049 | Lair:3   | Killed a death yak
 12093 | Lair:3   | Killed a death yak
 12105 | Lair:3   | Killed a death yak
 12114 | Lair:3   | Killed a death yak
 12127 | Lair:3   | Reached skill level 1 in Dodging
 12176 | Lair:3   | Noticed a six-headed hydra
 12185 | Lair:3   | Found a dark tunnel.
 12193 | Volcano  | Entered a volcano
 12240 | Volcano  | Noticed a two-headed ogre
 12253 | Volcano  | Killed a two-headed ogre
 12318 | Volcano  | Noticed a two-headed ogre
 12331 | Volcano  | Killed a two-headed ogre
 12599 | Volcano  | Reached skill level 5 in Dodging
 12645 | Volcano  | Noticed a fire dragon
 12659 | Volcano  | Killed a fire dragon
 12659 | Volcano  | Reached XP level 13. HP: 100/117 MP: 18/18
 13501 | Lair:3   | Found a hole to the Spider Nest.
 14652 | Lair:4   | Noticed a dire elephant
 14674 | Lair:4   | Found a runed translucent door.
 14729 | Lair:4   | Found a runed translucent door.
 14729 | Lair:4   | Noticed Afaug's ghost (journeyman MiFi)
 15839 | Lair:5   | Found a viscous altar of Jiyva.
 15840 | Lair:5   | Found a staircase to the Slime Pits.
 16108 | Lair:6   | Entered Level 6 of the Lair of Beasts
 16149 | Lair:6   | Paralysed by a hornet for 2 turns
 16158 | Lair:6   | Noticed a dire elephant
 16207 | Lair:6   | Reached skill level 15 in Fighting
 16216 | Lair:6   | Killed a dire elephant
 16218 | Lair:6   | Reached XP level 14. HP: 135/135 MP: 19/19
 16361 | Lair:6   | Reached skill level 10 in Dodging
 16459 | Lair:6   | Got a spiked leather armour
 16472 | Lair:6   | Identified the +2 leather armour "Emiva" {rElec rC+ Stlth+}
                  | (You found it on level 6 of the Lair of Beasts)
 17624 | Lair:4   | Killed Afaug's ghost
 18542 | D:10     | Reached skill level 1 in Slings
 18977 | D:10     | Reached ****** piety under Makhleb
 19098 | D:11     | Found Atrui's Jewellery Shop.
 19265 | D:11     | Found an ornate altar of the Wu Jian Council.
 19366 | D:11     | Found Heserirgh's Elemental Accessories.
 19512 | D:11     | You fall into a shaft and drop 2 floors!
 19547 | D:13     | Reached skill level 5 in Slings
 20018 | D:11     | Found a portal to a secret trove of treasure.
 20084 | D:12     | Reached XP level 15. HP: 141/141 MP: 20/20
 20582 | D:12     | Identified the Incunabulum of Flamy Stones
 20685 | D:13     | Noticed Nessos
 20695 | D:13     | Killed Nessos
 20695 | D:13     | Reached skill level 10 in Slings
 21598 | D:14     | You fall into a shaft and drop 1 floor!
 21598 | D:15     | Entered Level 15 of the Dungeon
 21759 | D:15     | Reached XP level 16. HP: 149/149 MP: 21/21
 21938 | D:12     | Reached skill level 15 in Axes
 22425 | D:14     | Noticed Snorg
 22436 | D:14     | Killed Snorg
 22556 | D:14     | Noticed Josephine
 22565 | D:14     | Killed Josephine
 22809 | D:15     | Found a staircase to the Depths.
 23127 | D:15     | Got a faintly glowing scale mail
 23138 | D:15     | Identified the +3 scale mail of Somewhere Else {rN+ Int-4
                  | Slay+3} (You found it on level 15 of the Dungeon)
 23367 | Orc:1    | Entered Level 1 of the Orcish Mines
 23488 | Orc:1    | Found Yjuta's Food Shoppe.
 23654 | Orc:2    | Entered Level 2 of the Orcish Mines
 23692 | Orc:2    | Found a staircase to the Elven Halls.
 24033 | Orc:2    | Noticed Saint Roka
 24115 | Orc:2    | Killed Saint Roka
 24159 | Orc:2    | Noticed Azrael
 24180 | Orc:2    | Killed Azrael
 24239 | Orc:2    | Paralysed by an orc sorcerer for 3 turns
 24263 | Orc:2    | Found a roughly hewn altar of Beogh.
 24621 | Orc:2    | Found Xuciazish's Jewellery Emporium.
 24636 | Orc:2    | Found Cuubedil's General Store.
 24679 | Orc:2    | Found Socs's Antique Armour Emporium.
 24685 | Orc:2    | Bought a pair of runed gloves for 240 gold pieces
 24705 | Orc:2    | Found Etoj Liassi's Antique Weapon Emporium.
 25145 | Orc:2    | Bought a shiny plate armour for 832 gold pieces
 25271 | D:11     | Bought an uncursed ring of poison resistance for 220 gold
                  | pieces
 25430 | Spider:1 | Entered Level 1 of the Spider Nest
 26495 | Spider:1 | Got a smoking ring mail
 26891 | Spider:1 | Identified the +2 ring mail of Classification {Str+2} (You
                  | found it on level 1 of the Spider Nest)
 28132 | Spider:3 | Reached XP level 17. HP: 156/156 MP: 22/22
 28966 | Spider:4 | Entered Level 4 of the Spider Nest
 29062 | Spider:4 | Found a frozen archway.
 29068 | IceCv    | Entered an ice cave
 29655 | IceCv    | Got an ancient leather armour
 29696 | IceCv    | Identified the +3 leather armour "Xius" {+Inv MR+++ Regen+
                  | Stlth-} (You found it in an ice cave)
 29874 | IceCv    | Noticed an Ice Fiend
 29890 | IceCv    | Killed an Ice Fiend
 30305 | Spider:4 | Found a transporter.
 30309 | Spider:4 | Noticed dannycarnage's ghost (adept MiBe)
 30374 | Spider:4 | Reached skill level 15 in Armour
 30637 | Spider:4 | Found a transporter.
 31010 | Spider:4 | Identified a scroll of acquirement
 31365 | Spider:4 | Got a gossamer rune of Zot
 32110 | Swamp:1  | Entered Level 1 of the Swamp
 32647 | Swamp:1  | Identified Roxanne's Incunabulum of Shape Shifting
 32647 | Swamp:1  | Noticed Roxanne
 32762 | Swamp:1  | Reached XP level 18. HP: 159/163 MP: 23/23
 33373 | Swamp:2  | Got a steaming glass ring
 33375 | Swamp:2  | Identified the ring of Arorham {MR+ Str+4 Dex+4} (You found
                  | it on level 2 of the Swamp)
 33907 | Swamp:3  | Noticed Kirke
 33909 | Swamp:3  | Noticed Donald
 33935 | Swamp:3  | Killed Kirke
 34167 | Swamp:3  | Killed Donald
 34649 | Swamp:4  | Entered Level 4 of the Swamp
 35572 | Swamp:4  | Got a decaying rune of Zot
 35972 | Elf:1    | Entered Level 1 of the Elven Halls
 36291 | Elf:1    | Found a runed translucent door.
 36291 | Elf:1    | Found a shimmering altar of Xom.
 36291 | Elf:1    | Noticed grouchysmurf's ghost (adept GrBe)
 36893 | Elf:1    | Reached XP level 19. HP: 115/170 MP: 13/24
 37492 | Elf:2    | Found a huge runed translucent gate.
 37492 | Elf:2    | Found a huge runed translucent gate.
 37492 | Elf:2    | Found a huge runed translucent gate.
 37492 | Elf:2    | Found a huge runed translucent gate.
 37492 | Elf:2    | Found a huge runed translucent gate.
 37644 | Elf:2    | Noticed a Tzitzimitl
 37932 | Elf:2    | Found Rekhuar's Jewellery Shop.
 37934 | Elf:2    | Found Usenila's Gadget Emporium.
 37935 | Elf:2    | Found Tik Giop's Jewellery Shop.
 37948 | Elf:2    | Bought a +6 ring of evasion for 1326 gold pieces
 39057 | Elf:3    | Entered Level 3 of the Elven Halls
 39607 | Elf:3    | Reached XP level 20. HP: 178/178 MP: 25/25
 39826 | Elf:3    | Identified the +7 great sword "Laneot" {flame, rF++}
 40539 | Elf:3    | Reached XP level 21. HP: 184/184 MP: 24/26
 40643 | Elf:3    | Identified the Handbook of Conjuration
 40677 | Elf:3    | Identified the Volume of Orientation
 40697 | Elf:3    | Got a scorched hunting sling
 40698 | Elf:3    | Identified the +8 hunting sling "Qeonogg" {speed, Int+5}
                  | (You found it on level 3 of the Elven Halls)
 41170 | D:14     | Found a gate to the Vaults.
 41207 | Vaults:1 | Entered Level 1 of the Vaults
 42853 | Vaults:2 | Found Wazom's Gadget Shop.
 43437 | Vaults:2 | Reached skill level 15 in Dodging
 43447 | Vaults:2 | Found a staircase to the Crypt.
 43884 | Vaults:3 | Noticed Mennas
 43908 | Vaults:3 | Reached XP level 22. HP: 192/192 MP: 22/27
 44439 | Vaults:3 | Noticed Frederick
 44454 | Vaults:3 | Killed Frederick
 45224 | Vaults:3 | Killed Mennas
 46396 | Vaults:4 | Noticed Aizul
 46403 | Vaults:4 | Killed Aizul
 46573 | Vaults:4 | Reached XP level 23. HP: 210/210 MP: 26/28
 46944 | Vaults:5 | Entered Level 5 of the Vaults
 47000 | Vaults:5 | Got a pair of warped gloves
 47001 | Vaults:5 | Identified the +0 pair of gloves of the Hunter {+Inv rF-
                  | Str+4} (You found it on level 5 of the Vaults)
 47149 | Vaults:5 | Found the +7 sceptre of Torment {pain, torment}
 47505 | Vaults:5 | Identified the +5 halberd "Puupp" {drain, Int+3}
 48289 | Vaults:5 | Noticed an ancient lich
 48302 | Vaults:5 | Killed an ancient lich
 48302 | Vaults:5 | Reached XP level 24. HP: 157/228 MP: 15/28
 48375 | Vaults:5 | Identified the cursed +0 great mace "Bigeitud" {crush, MR+}
 48654 | Vaults:5 | Identified the Tome of Frigorific Stones
 48660 | Vaults:5 | Got a crude granite ring
 48668 | Vaults:5 | Identified the ring "Lecvab" {rF+ rC+ Str+9 Int+5 Slay-2}
                  | (You found it on level 5 of the Vaults)
 48688 | Vaults:5 | Got a scintillating brass ring
 48689 | Vaults:5 | Identified the ring "Gerum" {rPois rF+ Dex+5} (You found it
                  | on level 5 of the Vaults)
 48691 | Vaults:5 | Identified the Grimoire of Aerial Intoxication
 48712 | Vaults:5 | Got a silver rune of Zot
 49048 | Depths:1 | Entered Level 1 of the Depths
 49108 | Depths:1 | Found a gateway to a ziggurat.
 49291 | Depths:1 | Found a gateway to Hell.
 49330 | Depths:1 | Identified the +4 fustibalus of the Firefly {freeze, Str+2}
                  | (You found it on level 1 of the Depths)
 49670 | Depths:1 | Identified the -5 pair of boots "Ruuvuum" {rC++} (You found
                  | it on level 1 of the Depths)
 50005 | Depths:2 | Got a brightly glowing hat
 50016 | Depths:2 | Identified the +2 hat "Vifide" {+Inv Int+5} (You acquired
                  | it on level 2 of the Depths)
 50052 | Depths:2 | Found a magical portal.
 50345 | WizLab   | Identified the Papyrus of the Entourage
 50406 | WizLab   | Found a burning altar of Makhleb.
 50732 | WizLab   | Identified Duputer's Tome of Creation
 50735 | WizLab   | Got a scorched granite ring
 50736 | WizLab   | Identified the ring "Jimuenk" {rPois rC+ MR+ Int-2} (You
                  | found it in a wizard's laboratory)
 51126 | Depths:2 | Identified the Tome of Clay and Protection
 51337 | Depths:2 | Identified the +4 spear of Springtime {flame, rElec SInv}
 51349 | Depths:2 | Found the +7 Spriggan's Knife {stab, EV+4 Stlth+}
 51440 | Depths:2 | Noticed a juggernaut
 51455 | Depths:2 | Killed a juggernaut
 51656 | Depths:2 | Reached skill level 10 in Invocations
 51660 | Depths:2 | Reached XP level 25. HP: 229/235 MP: 28/29
 51860 | Depths:2 | Identified the +1 morningstar "Xicliu" {elec, +Inv}
 51865 | Depths:2 | Identified the +0 chain mail of Nihilism {rElec MP+9}
 52916 | Depths:3 | Found a glowing silver altar of Zin.
 53373 | Depths:3 | Found a one-way gate leading to the halls of Pandemonium.
 53960 | D:11     | You paid a toll of +4 fire dragon scales to enter a
                  | treasure trove
 53961 | Trove    | Entered a treasure trove
 53964 | Trove    | Found the +18 shield of the Gong {rElec rN+ MR+ EV-5}
 53964 | Trove    | Found the +3 warlock's mirror {reflect}
 53965 | Trove    | Found the +5 robe of Night {Dark MR+ SInv}
 53992 | Trove    | Got a warped crystal plate armour
 53993 | Trove    | Identified the +9 crystal plate armour of Anaesthesia
                  | {rElec rN+ Regen+ Int-3} (You found it in a treasure trove)
 53998 | Trove    | Got a scorched leather armour
 54441 | Depths:4 | Found Kery's Food Emporium.
 54557 | Depths:4 | Found a one-way gate to the infinite horrors of the Abyss.
 54668 | Depths:4 | Found Fidomifi's Food Emporium.
 54673 | Depths:4 | Found Myroyluo's Armour Emporium.
 54681 | Depths:4 | Bought a +0 pair of boots of flying for 276 gold pieces
 54815 | Depths:4 | Found Yvebiran's Distillery.
 54818 | Depths:4 | Bought a potion of heal wounds for 100 gold pieces
 54818 | Depths:4 | Bought a potion of heal wounds for 100 gold pieces
 54818 | Depths:4 | Bought a potion of haste for 200 gold pieces
 54818 | Depths:4 | Bought a potion of haste for 200 gold pieces
 54818 | Depths:4 | Bought a potion of resistance for 200 gold pieces
 54818 | Depths:4 | Bought a potion of cancellation for 160 gold pieces
 54898 | Depths:4 | Found Teuvvoara's Book Shop.
 55102 | Depths:4 | Identified Geseh Oci's Volume of Shifting Poison
 55258 | Depths:5 | Entered Level 5 of the Depths
 55318 | Depths:5 | Found a gate to the Realm of Zot.
 55446 | Depths:5 | Reached skill level 15 in Invocations
 55473 | Depths:5 | Reached XP level 26. HP: 244/244 MP: 25/33
 56037 | Depths:5 | Got a scorched scale mail
 56714 | Zot:1    | Entered Level 1 of the Realm of Zot
 57242 | Zot:1    | Identified the ring "Raskiyge" {rPois rC+ EV+2} (You found
                  | it on level 1 of the Realm of Zot)
 57615 | Zot:2    | Found the amulet of the Four Winds {rN+ MR+++ Clar}
 58265 | Zot:2    | Reached XP level 27. HP: 250/250 MP: 21/33
 60134 | Zot:4    | Got a pair of transparent boots
 60145 | Zot:4    | Identified the +0 pair of boots "Moinlupn" {rF+++ Str-5
                  | Int+5 Dex-3} (You acquired it on level 4 of the Realm of
                  | Zot)
 60256 | Zot:5    | Entered Level 5 of the Realm of Zot
 60935 | Zot:5    | Noticed an ancient lich
 60939 | Zot:5    | Noticed an orb of fire
 60940 | Zot:5    | Noticed an orb of fire
 60944 | Zot:5    | Noticed an ancient lich
 60949 | Zot:5    | Noticed an orb of fire
 60949 | Zot:5    | Killed an ancient lich
 60951 | Zot:5    | Noticed an ancient lich
 60953 | Zot:5    | Killed an orb of fire
 60954 | Zot:5    | Noticed an orb of fire
 60957 | Zot:5    | Killed an ancient lich
 60962 | Zot:5    | Killed an ancient lich
 60963 | Zot:5    | Gained mutation: You tend to lose your temper in combat.
                  | [an orb of fire]
 60968 | Zot:5    | Killed an orb of fire
 60972 | Zot:5    | Killed an orb of fire
 60974 | Zot:5    | Gained mutation: You are frail. (-10% HP) [an orb of fire]
 60983 | Zot:5    | Killed an orb of fire
 60991 | Zot:5    | Noticed an ancient lich
 60999 | Zot:5    | Killed an ancient lich
 61476 | Zot:5    | Lost mutation: You are frail. (-10% HP) [potion of
                  | mutation]
 61476 | Zot:5    | Lost mutation: You tend to lose your temper in combat.
                  | [potion of mutation]
 61476 | Zot:5    | Gained mutation: Your spells are a little harder to cast,
                  | but a little more powerful. [potion of mutation]
 61476 | Zot:5    | Gained mutation: You have a pair of large horns on your
                  | head. [potion of mutation]
 61476 | Zot:5    | Gained mutation: You are partially covered in icy blue
                  | scales. (AC +2) [potion of mutation]
 61625 | Zot:5    | Got the Orb of Zot
 62230 | D:1      | Noticed Qynnaeg Rohi the pandemonium lord
 62251 | D:1      | Killed Qynnaeg Rohi the pandemonium lord
 62258 | D:$      | Escaped with the Orb!
